 Dungeon Crawl Stone Soup version 0.31-a0-1412-g7b7c7d10e1 (webtiles) character file.

Game seed: 167861704434666780

439778 James the Demon Slayer (level 24, -5/195 HPs)
             Began as a Gnoll Wanderer on Dec 23, 2023.
             Was a High Priest of the Shining One.
             Slain by a deep elf knight
             ... wielding a +0 long sword
              (7 damage)
             ... on level 2 of the Elven Halls on Dec 26, 2023.
             The game lasted 06:55:35 (86972 turns).

James the Demon Slayer (Gnoll Wanderer)            Turns: 86972, Time: 06:55:36

Health: -5/195     AC: 35    Str: 21    XL:     24   Next: 8%
Magic:  34/43      EV: 14    Int: 27    God:    the Shining One [*****.]
Gold:   1618       SH: 17    Dex:  9    Spells: 11/56 levels left

rFire   + + .        b - +8 broad axe "Ylablup" {speed, Will+ SInv Stlth+}
rCold   + + .        K - +4 kite shield {AC+3}
rNeg    + + +        U - +1 pearl dragon scales
rPois   +            p - +2 helmet {Int+3}
rElec   .            l - scarf {rC+ rF+}
rCorr   .            q - +1 pair of gloves of Verdant the Leaf {rN++ Dex+2}
SInv    +            P - +2 pair of boots {rampage}
Will    ++...        Z - amulet of the acrobat
Stlth   ++           W - ring of Deamuses {rF+ Str+4 Int+6 Dex-5}
HPRegen 0.52/turn    o - ring of Ephemeral Luck {rPois rC+ AC+4}
MPRegen 0.28/turn

%: acrobat, rampage
@: glowing, studying Invocations
A: fangs 1, strong nose, distributed training
}: 2/15 runes: serpentine, barnacled
a: Renounce Religion, Divine Shield, Cleansing Flame, Summon Divine Warrior


You were on level 2 of the Elven Halls.
You worshipped the Shining One.
The Shining One was extremely pleased with you.
You visited 9 branches of the dungeon, and saw 41 of its levels.
You visited the Abyss 1 time.
You visited 1 bazaar.
You also visited: Sewer, Bailey and Ice Cave.

You collected 6124 gold pieces.
You spent 4506 gold pieces at shops.

Inventory:

Hand Weapons
 a - the +3 greatsling "Punk" {acid, rCorr}
   (You found it on level 3 of the Elven Halls)

   rCorr:     It protects you from acid and corrosion.
 b - the +8 broad axe "Ylablup" (weapon) {speed, Will+ SInv Stlth+}
   (You bought it in a shop on level 7 of the Dungeon)

   Will+:     It increases your willpower.
   SInv:      It lets you see invisible.
   Stlth+:    It makes you more stealthy.
 n - a +4 sacred scourge of holy wrath
   (You took it off Mennas on level 4 of the Vaults)
 S - the +4 mace of Deflation {spect, rElec rF+}
   (You took it off a deep elf sorcerer on level 3 of the Elven Halls)

   rF+:       It protects you from fire.
   rElec:     It insulates you from electricity.
Missiles
 x - 5 silver javelins
 F - a throwing net {!f}
 H - 6 curare-tipped darts {!f}
Armour
 j - a +0 kite shield of reflection
   (You took it off Donald on level 2 of the Vaults)
 l - a scarf of resistance (worn)
   (You found it on level 1 of the Crypt)
 p - a +2 helmet of intelligence (worn)
   (You bought it in a shop on level 7 of the Dungeon)
 q - the +1 pair of gloves of Verdant the Leaf (worn) {rN++ Dex+2}
   (You found it on level 3 of the Elven Halls)

   Dex+2:     It affects your dexterity (+2).
   rN++:      It greatly protects you from negative energy.
 K - a +4 kite shield of protection (worn)
   (You took it off a tengu warrior on level 15 of the Dungeon)
 P - a +2 pair of boots of rampaging (worn)
   (You bought it in a shop on level 7 of the Dungeon)
 T - the +1 hat "Zoamyoro" {rPois Will+ Int+2 SInv}
   (You found it on level 3 of the Snake Pit)

   Int+2:     It affects your intelligence (+2).
   rPois:     It protects you from poison Will+: It increases your willpower.
   SInv:      It lets you see invisible.
 U - +1 pearl dragon scales (worn)
   (You found it on level 1 of the Elven Halls)
Magical Staves
 N - the staff of Bodily Humours {*Slow rCorr Stlth+ Conj Summ}
   (You found it on level 3 of the Elven Halls)

   [staff of conjuration]

   Base accuracy: +5 Base damage: 5 Base attack delay: 1.2 This weapon's minimum
   attack delay (0.6) is reached at skill level 12.
   rCorr:     It protects you from acid and corrosion.
   *Slow:     It may slow you when you take damage.
   Stlth+:    It makes you more stealthy.
   Conj:      It increases the power of your Conjurations spells.
   Summ:      It increases the power of your Summonings spells.
   It falls into the 'Staves' category.
   It is a one-handed weapon.
Jewellery
 i - the ring of Amoz {Fly Will+ EV+5 Stlth+}
   (You took it off a deep elf high priest on level 3 of the Elven Halls)

   [ring of evasion]

   EV+5:      It affects your evasion (+5).
   Will+:     It increases your willpower.
   Fly:       It grants you flight.
   Stlth+:    It makes you more stealthy.
 o - the ring of Ephemeral Luck (right hand) {rPois rC+ AC+4}
   (You found it on level 3 of the Crypt)

   [ring of protection]

   AC+4:      It affects your AC (+4).
   rC+:       It protects you from cold.
   rPois:     It protects you from poison
 B - the ring "Guph" {Ice Will+ rCorr Slay+2}
   (You took it off a frost giant in an ice cave)

   [ring of ice]

   Ice:       It enhances your ice magic.
   Slay+2:    It affects your accuracy & damage with ranged weapons and melee
   (+2).
   rF-:       It makes you vulnerable to fire.
   rC+:       It protects you from cold.
   Will+:     It increases your willpower.
   rCorr:     It protects you from acid and corrosion.
 C - the ring of the Meager Breadfruit {Ice rElec rPois Will+}
   (You found it on level 3 of the Elven Halls)

   [ring of ice]

   Ice:       It enhances your ice magic.
   rF-:       It makes you vulnerable to fire.
   rC+:       It protects you from cold.
   rElec:     It insulates you from electricity.
   rPois:     It protects you from poison Will+: It increases your willpower.
 Q - the ring of Daffodils {rC- rN+ Dex+8}
   (You found it on level 3 of the Crypt)

   [ring of positive energy]

   Dex+8:     It affects your dexterity (+8).
   rC-:       It makes you vulnerable to cold.
   rN+:       It protects you from negative energy.
 R - a ring of wizardry
   (You found it on level 1 of the Lair of Beasts)
 W - the ring of Deamuses (left hand) {rF+ Str+4 Int+6 Dex-5}
   (You found it on level 2 of the Shoals)

   [ring of protection from fire]

   Str+4:     It affects your strength (+4).
   Int+6:     It affects your intelligence (+6).
   Dex-5:     It affects your dexterity (-5).
   rF+:       It protects you from fire.
 Y - the ring of Izxesug {rPois rN+ Will+ Slay+2}
   (You bought it in a shop on level 2 of the Orcish Mines)

   [ring of willpower]

   Slay+2:    It affects your accuracy & damage with ranged weapons and melee
   (+2).
   rPois:     It protects you from poison rN+: It protects you from negative
   energy.
   Will+:     It increases your willpower.
 Z - an amulet of the acrobat (around neck)
   (You found it on level 4 of the Dungeon)
Wands
 u - a wand of paralysis (34)
   (You found it on level 1 of the Lair of Beasts)
 v - a wand of digging (25)
   (You found it on level 5 of the Dungeon)
 z - a wand of light (6)
   (You found it on level 1 of the Vaults)
 E - a wand of roots (37)
   (You took it off a naga mage on level 2 of the Snake Pit)
 I - a wand of polymorph (37)
   (You found it on level 4 of the Snake Pit)
Scrolls
 h - 13 scrolls of fog
 y - 4 scrolls of enchant weapon
 A - 9 scrolls of teleportation {@r4}
 G - 8 scrolls of fear
 L - 5 scrolls of revelation
 M - 7 scrolls of vulnerability {!r}
 X - 4 scrolls of blinking
Potions
 c - 7 potions of cancellation
 d - 4 potions of heal wounds {@q2}
 f - 4 potions of resistance
 k - 19 potions of curing {@q1}
 r - 2 potions of berserk rage
 s - 5 potions of magic
 t - 2 potions of might
 w - a potion of invisibility
 D - 4 potions of haste {@q3}
 J - 6 potions of enlightenment
 V - 7 potions of brilliance
Miscellaneous
 e - a sack of spiders
   (You found it on level 3 of the Snake Pit)
 g - a phial of floods
   (You found it on level 2 of the Snake Pit)
 m - a phantom mirror
   (You found it on level 3 of the Vaults)
 O - a lightning rod (4/4) {!a}
   (You found it in a bailey)


   Skills:
 + Level 17.2 Fighting
 + Level 16.6 Short Blades
 + Level 17.7 Long Blades
 + Level 16.6 Axes
 + Level 16.6 Maces & Flails
 + Level 16.6 Polearms
 + Level 16.6 Staves
 + Level 16.6 Ranged Weapons
 + Level 16.6 Throwing
 + Level 16.6 Armour
 + Level 16.8 Dodging
 + Level 16.6 Stealth
 + Level 16.6 Shields
 + Level 16.6 Unarmed Combat
 + Level 16.8 Spellcasting
 + Level 14.1 Conjurations
 + Level 14.1 Hexes
 + Level 14.1 Summonings
 + Level 14.1 Necromancy
 + Level 14.1 Translocations
 + Level 14.1 Fire Magic
 + Level 14.1 Ice Magic
 + Level 14.1 Air Magic
 + Level 15.1 Earth Magic
 + Level 14.1 Alchemy
 + Level 22.5 Invocations
 + Level 16.6 Evocations
 + Level 15.3 Shapeshifting


You had 11 spell levels left.
You knew the following spells:

 Your Spells              Type           Power      Damage    Failure   Level
a - Iskenderun's Mystic   Conj/Tloc      78%        2d16      1%          4
b - Lee's Rapid Deconstr  Erth           40%        3d20*     1%          5
c - Blink                 Tloc           100%       N/A       1%          2
e - Ignite Poison         Fire/Alch      78%        N/A       1%          4
f - Mephitic Cloud        Conj/Alch/Air  78%        N/A       1%          3
g - Yara's Violent Unrav  Hex/Alch       39%        3d16      1%          5
q - Passwall              Alch/Erth      66%        N/A       1%          2
v - Passage of Golubria   Tloc           78%        N/A       1%          4
w - Summon Mana Viper     Hex/Summ       78%        N/A       1%          5
x - Stone Arrow           Conj/Erth      100%       3d13      1%          3
y - Olgreb's Toxic Radia  Alch           78%        N/A       1%          4
z - Summon Lightning Spi  Summ/Air       78%        N/A       1%          4

Your spell library contained the following spells:

 Spells                   Type           Power      Damage    Failure   Level
 Sandblast                Erth           100%       2d20      0%          1
 Apportation              Tloc           100%       N/A       1%          1
 Kiss of Death            Conj/Necr      100%       2d13      1%          1
 Necrotise                Necr           100%       1d9       1%          1
 Shock                    Conj/Air       100%       1d9       1%          1
 Slow                     Hex            100%       N/A       1%          1
 Sting                    Conj/Alch      100%       1d9       1%          1
 Summon Small Mammal      Summ           100%       N/A       1%          1
 Call Imp                 Summ           100%       N/A       1%          2
 Cigotuvi's Dreadful Rot  Necr/Alch/Air  100%       N/A       1%          2
 Ensorcelled Hibernation  Hex/Ice        100%       N/A       1%          2
 Jinxbite                 Hex            100%       N/A       1%          2
 Lesser Beckoning         Tloc           100%       N/A       1%          2
 Mercury Vapours          Alch/Air       100%       N/A       1%          2
 Momentum Strike          Conj/Tloc      100%       3d10      1%          2
 Static Discharge         Conj/Air       100%       3-8/arc   1%          2
 Sublimation of Blood     Necr           78%        N/A       1%          2
 Call Canine Familiar     Summ           78%        N/A       1%          3
 Confusing Touch          Hex            78%        N/A       1%          3
 Frozen Ramparts          Ice            100%       1d16      1%          3
 Fugue of the Fallen      Necr           78%        N/A       1%          3
 Ozocubu's Armour         Ice            78%        N/A       1%          3
 Sigil of Binding         Hex            78%        N/A       1%          3
 Summon Guardian Golem    Hex/Summ       78%        N/A       1%          3
 Swiftness                Air            78%        N/A       1%          3
 Tukima's Dance           Hex            78%        N/A       1%          3
 Vampiric Draining        Necr           78%        2d11      1%          3
 Volatile Blastmotes      Fire/Tloc      100%       2d18      1%          3
 Airstrike                Air            39%        2d(6-22)  1%          4
 Animate Armour           Summ/Erth      100%       N/A       1%          4
 Brom's Barrelling Bould  Conj/Erth      80%        2d9       1%          4
 Fulminant Prism          Conj/Alch      39%        3d17      1%          4
 Leda's Liquefaction      Alch/Erth      40%        N/A       1%          4
 Manifold Assault         Tloc           78%        N/A       1%          4
 Petrify                  Alch/Erth      80%        N/A       1%          4
 Alistair's Intoxication  Alch           52%        N/A       1%          5
 Borgnjor's Vile Clutch   Necr/Erth      40%        N/A       1%          5
 Freezing Cloud           Conj/Ice/Air   39%        6-21      1%          5
 Irradiate                Conj/Alch      39%        3d24      1%          5
 Iskenderun's Battlesphe  Conj           78%        2d13      1%          5
 Metabolic Englaciation   Hex/Ice        39%        N/A       1%          5
 Silence                  Hex/Air        39%        N/A       1%          5
 Bombard                  Conj/Erth      40%        9d7       2%          6
 Eringya's Noxious Bog    Alch           39%        4d6       3%          6
 Simulacrum               Ice/Necr       39%        N/A       3%          6
 Enfeeble                 Hex            39%        N/A       19%         7
 Spellforged Servitor     Conj/Summ      39%        N/A       19%         7
 Summon Hydra             Summ           39%        N/A       19%         7
 Lehudib's Crystal Spear  Conj/Erth      40%        10d10     75%         8


Dungeon Overview and Level Annotations

Branches:
Dungeon (15/15)            Temple (1/1) D:4            Lair (5/5) D:8
 Shoals (4/4) Lair:3        Snake (4/4) Lair:2        Slime (0/5) Lair:5
    Orc (2/2) D:11            Elf (3/3) Orc:2        Vaults (4/5) D:14
  Crypt (3/3) Vaults:2       Tomb (0/3) Crypt:3      Depths (0/4) D:15
  Sewer (visited)          Bailey (visited)           IceCv (visited)

Altars:
Ashenzari
Cheibriados
Dithmenos
Elyvilon
Fedhas
Gozag
Hepliaklqana
Kikubaaqudgha
Makhleb
Nemelex Xobeh
Okawaru
Qazlal
Ru
Sif Muna
Trog
Uskayaw
Vehumet
Wu Jian
Xom
Yredelemnul
Zin
The Shining One
Jiyva

Shops:
D:2 ?   D:5 :   D:7 ([:**   Orc:1 *   Orc:2 (=**   Elf:2 [:[*   Elf:3 !
Snake:2 :(=::?   Vaults:2 (

Portals:
Pandemonium: Orc:2
Trove: D:15 (give 16 scrolls of teleportation)

Annotations:
Crypt:2 3 runed translucent doors, Nuciocask's ghost, veteran MiBe


Innate Abilities, Weirdness & Mutations

You have very sharp teeth.
Your uncanny sense of smell can sniff out nearby items.
Your experience applies equally to all skills.


Message History

You slice the +2 long sword of freezing!!
The +2 long sword of freezing falls from the air.
You hit the +4 lajatang of holy wrath but do no damage.
The deep elf knight hits you but does no damage.
You block the +4 lajatang of holy wrath's attack.
You hit the deep elf knight.
You completely miss the +0 flail of protection.
You hit the +4 lajatang of holy wrath.
The deep elf knight hits you with a +0 long sword.
* * * LOW HITPOINT WARNING * * *
The deep elf zephyrmancer gestures wildly while chanting.
The deep elf zephyrmancer blinks!
The +4 lajatang of holy wrath hits you!!
* * * LOW HITPOINT WARNING * * *
The +0 flail of protection hits you!
* * * LOW HITPOINT WARNING * * *
You feel much better. You block the deep elf knight's attack.
The +4 lajatang of holy wrath hits you.
* * * LOW HITPOINT WARNING * * *
You block the +0 flail of protection's attack.
The deep elf zephyrmancer mumbles some strange words.
The deep elf zephyrmancer blinks!
You block the deep elf knight's attack.
Unknown command.
Unknown command.
Activating: Cleansing Flame (0% risk of failure)
Press: ? - help, Dir - look around, f - activate The golden flame engulfs you but does no damage.
The golden flame engulfs the +0 flail of protection!!!
The +0 flail of protection falls from the air.
The golden flame engulfs the deep elf knight!!
The golden flame engulfs the +4 lajatang of holy wrath!!
The +4 lajatang of holy wrath falls from the air.
The golden flame engulfs the deep elf zephyrmancer!!
The golden flame engulfs the +6 heavy flail.
A +6 scimitar of distortion comes into view.
The deep elf knight casts a spell at you.
The lance of force hits you!!
* * * LOW HITPOINT WARNING * * *
You are knocked back by the lance of force.
You slam into the metal wall!
* * * LOW HITPOINT WARNING * * *
Unknown command.
You feel much better.
The deep elf zephyrmancer casts a spell at you.
The bolt of lightning misses the +6 heavy flail.
The bolt of lightning hits you!!
* * * LOW HITPOINT WARNING * * *
You block the +6 heavy flail's attack.
The deep elf knight hits you with a +0 long sword!
You die...

,,,...#...#..........#...#....)##
,,...#.....#........#.....#....#
,...#.......#......#.......#...#
,..#.........#....#.........#..#
,.#...........#..#.........).#.##
*#.............##.............###
*#........).ยง..##.............###
,,#.......(...#..#...........#.##
,,,#.......).#e(@.#.........#..#
,,..#....e..#()e...#.......#)..#
*#...#.....#)).##...#.....#...##
*##...#...#..)####...#...#...## #
##...###...## ##...###...## #
####* ##### ##### ##### # ######
### #### #### # ###### #.# #..#
#..# ######## #.# ##''######''##


You could see a deep elf knight (fast), a deep elf zephyrmancer and 3 dancing
weapons.

Vanquished Creatures
  Mennas (Vaults:4)
  Xtahua (Crypt:1)
  A bone dragon (Crypt:3)
  Jorgrun (Elf:1)
  Zenata (Vaults:1)
  A shard shrike skeleton (Crypt:3)
  A deep elf blademaster (Elf:3)
  3 sphinxes
  2 deep elf master archers (Elf:3)
  Frances (Shoals:1)
  A kraken (Shoals:1)
  Polyphemus (Shoals:3)
  8 ancient champions
  Kirke (Shoals:2)
  2 tentacled starspawn (Abyss:3)
  Donald (Vaults:2)
  2 tengu reavers
  A revenant (Crypt:1)
  5 nagarajas (Snake:4)
  A frost giant (IceCv)
  2 deep elf sorcerers (Elf:3)
  3 curse skulls
  8 vault wardens
  3 ghouls
  Louise (Shoals:3)
  12 ironbound preservers
  3 deep elf elementalists
  A draconian stormcaller (Abyss:3)
  3 orc warlords
  A reaper (Crypt:2)
  3 very ugly things (Vaults:4)
  A stone giant (Vaults:4)
  5 formless jellyfish
  6 deep elf death magi
  4 vampire knights
  6 deep elf demonologists (Elf:3)
  11 ironbound thunderhulks
  5 deep elf annihilators
  A minotaur (Shoals:4)
  7 dire elephants
  4 merfolk impalers
  2 deep elf high priests (Elf:3)
  A merfolk javelineer (Shoals:4)
  A mummy priest (Crypt:3)
  A crystal guardian (Vaults:2)
  19 jiangshi
  2 entropy weavers
  7 yaktaur captains
  2 vault guards (Vaults:1)
  9 great orbs of eyes
  5 ice dragons (IceCv)
  5 hydras
  A peacekeeper (Vaults:2)
  2 death knights
  4 merfolk avatars
  2 two-headed ogres
  3 boulder beetles
  12 centaur warriors
  4 anacondas
  14 ironbound frosthearts
  25 dancing weapons
  7 satyrs
  A hell hog (Lair:5)
  2 merfolk aquamancers (Shoals:4)
  5 naga warriors
  4 death yaks
  2 tengu warriors
  6 vampire magi
  A sphinx skeleton (Crypt:1)
  2 orc high priests (Orc:2)
  4 shock serpents
  4 thrashing horrors (Abyss:3)
  2 titan zombies
  A bennu skeleton (Crypt:2)
  2 soul eaters (Crypt:1)
  11 deep elf knights
  9 naga sharpshooters
  7 skysharks
  A sun demon (Orc:2)
  A wretched star (Abyss:3)
  21 skeletal warriors
  A death drake (shapeshifter) (Elf:1)
  10 deep trolls
  10 sea snakes
  A salamander mystic (Snake:3)
  13 ironbound convokers
  A glowing orange brain (D:13)
  2 naga ritualists
  A harpy (shapeshifter) (Elf:1)
  A bunyip skeleton (Crypt:1)
  An alligator zombie (Crypt:1)
  4 harpies
  2 starcursed masses (Abyss:3)
  6 phantasmal warriors
  6 arcanists
  5 lindwurms
  An orange crystal statue (IceCv)
  5 flayed ghosts
  8 deep elf archers
  An anaconda skeleton (Crypt:1)
  4 necromancers
  19 deep elf pyromancers
  A shining eye (shapeshifter) (Elf:1)
  21 deep elf zephyrmancers
  3 orc knights
  4 orc sorcerers
  A broodmother zombie (Crypt:1)
  11 manticores
  An elf skeleton (Vaults:1)
  An iron dragon zombie (Crypt:3)
  14 fauns
  22 ugly things
  A fire giant zombie (Vaults:1)
  3 mana vipers
  2 large abominations (Abyss:3)
  4 salamanders
  17 black mambas
  A meliai (shapeshifter) (Elf:1)
  5 merfolk sirens
  9 vault sentinels
  6 elephants (Lair:5)
  A stone giant skeleton (Crypt:1)
  A kobold blastminer (Orc:1)
  3 water nymphs
  5 naga magi
  An elephant (shapeshifter) (Elf:1)
  An apocalypse crab (Abyss:3)
  3 guardian serpents
  A fire giant skeleton (Crypt:3)
  11 cane toads
  2 centaur skeletons
  An unseen horror zombie (Crypt:3)
  7 gargoyles (D:13)
  2 torpor snails (Lair:5)
  An alligator snapping turtle skeleton (Crypt:1)
  Maggie (D:7)
  7 rime drakes
  3 unseen horrors
  A death yak zombie (Crypt:2)
  12 yaktaurs
  2 freezing wraiths
  4 komodo dragons
  An unseen horror (shapeshifter) (Elf:2)
  5 guardian mummies (Crypt:3)
  2 tengu conjurers (D:15)
  2 trolls
  An ancient zyme (Abyss:3)
  15 merfolk
  A green draconian skeleton (Crypt:2)
  4 wind drakes
  9 polar bears
  A hornet (D:10)
  A sun moth zombie (Crypt:2)
  6 raiju
  8 dream sheep
  An ettin zombie (Vaults:1)
  6 snapping turtles
  13 slime creatures
  A boulder beetle zombie (Crypt:3)
  8 vampires
  6 blink frogs
  A deep troll zombie (Vaults:1)
  4 shadows
  2 air elementals
  A dire elephant simulacrum (Crypt:1)
  A yak (shapeshifter) (Elf:1)
  A wind drake zombie (Crypt:3)
  3 hogs (Shoals:2)
  11 water elementals
  4 wraiths
  32 yaks
  A neqoxec (Abyss:3)
  2 wargs (Lair:5)
  A basilisk (Lair:5)
  A steam dragon (D:10)
  A redback (shapeshifter) (Vaults:4)
  5 redbacks
  4 vampire mosquitoes (D:13)
  13 nagas
  A glowing shapeshifter zombie (Crypt:1)
  An acid dragon (D:11)
  A merfolk skeleton (Crypt:1)
  An acid dragon (shapeshifter) (Elf:1)
  5 hell hounds
  9 water moccasins
  20 orc warriors
  5 ice beasts
  A hornet zombie (D:7)
  9 black bears
  4 ogres
  A tengu (shapeshifter) (Elf:1)
  22 wolves
  6 laughing skulls
  3 centaurs
  A dream sheep zombie (Crypt:2)
  8 boggarts
  A swamp dragon skeleton (Crypt:1)
  A kobold brigand (D:4)
  2 phantoms
  A yaktaur zombie (Crypt:3)
  2 brain worms (Sewer)
  6 bullfrogs
  4 necrophages
  3 scorpions (D:5)
  2 wyvern zombies (D:7)
  A small abomination (Snake:3)
  A gnoll sergeant (D:9)
  3 earth elementals
  3 wights (D:7)
  5 killer bees (D:9)
  A swamp dragon simulacrum (Crypt:1)
  A yak skeleton (Crypt:3)
  A howler monkey (D:10)
  2 centaur zombies
  2 jellies
  A black bear zombie (Crypt:3)
  A human zombie (D:7)
  16 orc priests
  4 hounds
  A gnoll bouda (D:8)
  3 sleepcaps (D:7)
  Natasha (thrice) (D:2)
  Terence (D:2)
  3 yak simulacra (Lair:2)
  26 orc wizards
  2 polar bear simulacra (Lair:2)
  4 hell rats
  A killer bee zombie (D:7)
  A wolf simulacrum (Lair:2)
  A deep dwarf zombie (Crypt:2)
  2 mummies (D:7)
  A howler monkey zombie (Crypt:1)
  13 gnolls
  10 adders
  6 river rats
  2 shadow imps
  4 bombardier beetles
  A white imp (D:6)
  3 worms
  3 dart slugs
  63 orcs
  9 ball pythons
  4 bats
  5 endoplasms
  6 giant cockroaches
  3 hobgoblins
  6 jackals
  5 quokkas
  6 frilled lizards
  A giant cockroach zombie (Crypt:1)
  12 goblins
  10 kobolds
  A kobold zombie (Crypt:3)
  10 rats
  A river rat simulacrum (Lair:2)
  A lurking horror (Abyss:3)
  A starspawn tentacle (Abyss:3)
  A tentacle (Shoals:1)
1216 creatures vanquished.

Vanquished Creatures (collateral kills)
  A curse toe (Crypt:3)
  Vashnia (Snake:3)
  2 liches (Crypt:3)
  The ghost of paps the Ninja, an adept OpDe of Gozag (Elf:3)
  2 sphinxes
  A deep elf blademaster (Elf:3)
  An ancient champion (Crypt:1)
  The ghost of Puohiom the Imperceptible, an adept KoEn of Ashenzari (Snake:3)
  Aizul (Snake:1)
  12 nagarajas
  A frost giant (IceCv)
  A curse skull (Crypt:2)
  A deep elf elementalist (Elf:3)
  2 orc warlords
  A ghoul (Crypt:2)
  An ironbound preserver (Vaults:4)
  4 ironbound thunderhulks
  A very ugly thing (D:15)
  2 vampire knights (Crypt:3)
  2 deep elf demonologists (Elf:3)
  6 dire elephants
  A deep elf annihilator (Elf:3)
  A white draconian (IceCv)
  A deep elf death mage (Elf:3)
  An ettin (D:15)
  Snorg (Lair:3)
  3 yaktaur captains
  3 jiangshi
  A deep elf high priest (Elf:3)
  A merfolk impaler (Shoals:2)
  A fire dragon (D:14)
  2 great orbs of eyes
  An ice dragon (IceCv)
  A hydra (Lair:5)
  2 catoblepae
  A merfolk avatar (Shoals:3)
  An anaconda (Snake:2)
  An alligator snapping turtle (Shoals:3)
  6 ironbound frosthearts
  A spriggan skeleton (Crypt:3)
  13 naga warriors
  3 demonspawn (Orc:2)
  3 centaur warriors
  7 satyrs (Shoals:4)
  4 boulder beetles
  4 death yaks
  A tengu warrior (D:15)
  2 orc high priests (Orc:2)
  2 dancing weapons (Elf:2)
  11 naga sharpshooters
  2 shock serpents
  An occultist (D:15)
  3 deep elf knights
  13 skeletal warriors
  2 salamander mystics
  2 skysharks
  6 deep trolls
  A large abomination (Abyss:3)
  A flayed ghost (Crypt:2)
  A sea snake (Shoals:4)
  3 deep elf archers
  A glowing orange brain (D:13)
  2 ironbound convokers
  4 lindwurms
  A bog body (Crypt:3)
  4 deep elf pyromancers
  7 deep elf zephyrmancers
  2 phantasmal warriors (Crypt:1)
  2 necromancers
  An arcanist (Vaults:4)
  5 naga ritualists
  10 orc knights
  5 mana vipers
  5 harpies
  5 orc sorcerers (Orc:2)
  5 cyclopes
  2 salamanders
  10 ugly things
  5 fauns
  7 manticores
  4 elephants
  A salamander (shapeshifter) (D:14)
  3 merfolk sirens
  16 naga magi
  17 black mambas
  6 vault sentinels
  6 water nymphs
  2 guardian serpents (Snake:4)
  8 cane toads
  A torpor snail (Lair:1)
  An orange demon (Orc:2)
  A gargoyle (D:13)
  3 komodo dragons
  An unseen horror (D:13)
  3 freezing wraiths
  8 rime drakes
  A yaktaur (Vaults:2)
  A tengu conjurer (D:14)
  An efreet (D:15)
  Psyche (D:8)
  A guardian mummy (Crypt:2)
  7 merfolk
  A sea snake skeleton (Crypt:2)
  12 polar bears
  2 trolls
  7 dream sheep
  2 wind drakes (Shoals:4)
  7 blink frogs
  A hornet (D:8)
  A blink frog (shapeshifter) (Elf:1)
  4 snapping turtles
  8 slime creatures (D:14)
  A water elemental (Elf:2)
  2 shadows
  3 wraiths
  2 wyverns
  27 yaks
  A basilisk (Lair:1)
  3 hogs (Shoals:2)
  A fire elemental (Elf:3)
  3 vampire mosquitoes (D:13)
  3 wargs
  32 nagas
  7 water moccasins
  A chaos spawn (Orc:2)
  9 hell hounds (Lair:5)
  25 orc warriors
  6 black bears
  2 laughing skulls (Crypt:2)
  2 ogres (Orc:2)
  A small abomination (Abyss:3)
  20 wolves
  A blink frog skeleton (Crypt:2)
  A snapping turtle skeleton (Crypt:2)
  9 centaurs
  A kobold brigand (D:11)
  An earth elemental (Elf:2)
  4 bullfrogs
  A necrophage (Crypt:2)
  A gnoll sergeant (D:11)
  8 killer bees (D:9)
  3 howler monkeys (D:7)
  16 orc priests
  11 orc wizards
  2 polar bear simulacra (Lair:2)
  2 hell rats
  A yak simulacrum (Lair:2)
  A wolf simulacrum (Lair:2)
  A crocodile skeleton (Crypt:3)
  3 gnolls
  7 river rats (Lair:5)
  42 orcs
  3 kobolds
  A giant cockroach zombie (Crypt:2)
  A rat (Lair:5)
  A butterfly (Lair:1)
  2 tentacles (Shoals:1)
656 creatures vanquished.

Vanquished Creatures (others)
  Bai Suzhen (Shoals:4)
  An ironbound frostheart (IceCv)
  4 deep elf knights
  3 deep elf zephyrmancers
  A deep elf pyromancer (Elf:3)
  A merfolk siren (Shoals:4)
  A black mamba (Snake:2)
  A polar bear (IceCv)
  An air elemental (Elf:3)
  A water elemental (Shoals:4)
  4 starspawn tentacles (Abyss:3)
  2 tentacles (Shoals:1)
21 creatures vanquished.

Grand Total: 1893 creatures vanquished

Notes
Turn   | Place    | Note
-------+----------+-------------------------------------------
     0 | D:1      | James the Gnoll Wanderer began the quest for the Orb.
     0 | D:1      | James set off with the following items: a +3 falchion, a
                  | potion of attraction {!q}, a +0 leather armour; and the
                  | following spell memorised: Sandblast; and the following
                  | spells available to memorise: Stone Arrow.
     0 | D:1      | Reached XP level 1. HP: 20/20 MP: 4/4
    45 | D:1      | Reached XP level 2. HP: 19/26 MP: 5/5
   373 | D:1      | Reached XP level 3. HP: 30/31 MP: 7/7
   613 | D:2      | Reached skill level 1 in Invocations
   652 | D:1      | Reached skill level 1 in Short Blades
   652 | D:1      | Reached skill level 1 in Axes
   652 | D:1      | Reached skill level 1 in Maces & Flails
   652 | D:1      | Reached skill level 1 in Polearms
   652 | D:1      | Reached skill level 1 in Staves
   652 | D:1      | Reached skill level 1 in Ranged Weapons
   652 | D:1      | Reached skill level 1 in Throwing
   652 | D:1      | Reached skill level 1 in Armour
   652 | D:1      | Reached skill level 1 in Stealth
   652 | D:1      | Reached skill level 1 in Shields
   652 | D:1      | Reached skill level 1 in Unarmed Combat
   652 | D:1      | Reached skill level 1 in Evocations
   882 | D:1      | Reached skill level 1 in Shapeshifting
   882 | D:1      | Reached XP level 4. HP: 38/38 MP: 5/8
  1043 | D:2      | You fall into a shaft and drop 1 floor!
  1133 | D:3      | Reached skill level 1 in Conjurations
  1133 | D:3      | Reached skill level 1 in Hexes
  1133 | D:3      | Reached skill level 1 in Summonings
  1133 | D:3      | Reached skill level 1 in Necromancy
  1133 | D:3      | Reached skill level 1 in Translocations
  1133 | D:3      | Reached skill level 1 in Fire Magic
  1133 | D:3      | Reached skill level 1 in Ice Magic
  1133 | D:3      | Reached skill level 1 in Air Magic
  1133 | D:3      | Reached skill level 1 in Alchemy
  1575 | D:2      | Noticed Natasha
  1622 | D:2      | Killed Natasha
  1623 | D:2      | Reached XP level 5. HP: 16/43 MP: 9/9
  1637 | D:2      | Noticed Natasha
  1732 | D:2      | Killed Natasha
  1748 | D:2      | Noticed Natasha
  1785 | D:2      | Killed Natasha
  2035 | D:2      | Found Orchilar's Magic Scroll Boutique.
  2054 | D:2      | Noticed Terence
  2074 | D:2      | Killed Terence
  2075 | D:2      | Reached skill level 2 in Invocations
  2210 | D:2      | Bought a scroll of identify for 20 gold pieces
  2210 | D:2      | Bought a scroll of identify for 20 gold pieces
  2210 | D:2      | Bought a scroll of fear for 40 gold pieces
  2277 | D:3      | Reached XP level 6. HP: 37/50 MP: 7/11
  2440 | D:3      | Reached skill level 5 in Fighting
  2775 | D:2      | Bought a scroll of fog for 40 gold pieces
  3057 | D:4      | Found a staircase to the Ecumenical Temple.
  3067 | Temple   | Entered the Ecumenical Temple
  3077 | Temple   | Became a worshipper of Elyvilon the Healer
  3183 | D:4      | Learned a level 1 spell: Summon Small Mammal
  3186 | D:4      | Learned a level 2 spell: Blink
  3245 | D:3      | Learned a level 3 spell: Stone Arrow
  3511 | D:4      | Reached * piety under Elyvilon
  3827 | D:5      | Entered Level 5 of the Dungeon
  3831 | D:5      | Found Foam's Vocational Training.
  3852 | D:5      | Reached XP level 7. HP: 52/56 MP: 12/12
  3933 | D:5      | Reached skill level 3 in Invocations
  3965 | D:5      | Found a glowing drain.
  3969 | Sewer    | Entered a sewer
  4367 | Sewer    | Reached XP level 8. HP: 54/63 MP: 11/14
  4402 | Sewer    | Learned a level 3 spell: Call Canine Familiar
  4685 | D:5      | Found an opulent altar of Gozag.
  5683 | D:6      | Reached ** piety under Elyvilon
  5700 | D:6      | Found a shimmering blue altar of Sif Muna.
  5718 | D:6      | Reached skill level 4 in Invocations
  7335 | D:6      | Got Sif Muna's Anthology of the Sixfirhy
  7513 | D:6      | Learned a level 3 spell: Mephitic Cloud
  7535 | D:7      | Found a broken altar of Ashenzari.
  7540 | D:7      | Noticed a vampire
  7553 | D:7      | Found Natrerphu's Assorted Antiques.
  7557 | D:7      | Found Oceqan's Assorted Antiques.
  7561 | D:7      | Bought a scroll labelled ATSIRHUVARGH for 28 gold pieces
  7561 | D:7      | Bought a scroll of identify for 56 gold pieces
  7569 | D:7      | Bought a scroll of identify for 48 gold pieces
  7600 | D:7      | Found Kianneing's Book Emporium.
  7638 | D:7      | Found Voodoker's Antique Armour Shoppe.
  7639 | D:7      | Reached *** piety under Elyvilon
  7692 | D:7      | Noticed Maggie
  7734 | D:7      | Reached XP level 9. HP: 59/69 MP: 16/16
  7762 | D:7      | Found a flagged portal.
  7877 | Bailey   | Entered a bailey
  7948 | Bailey   | Reached skill level 5 in Spellcasting
  8201 | Bailey   | Reached skill level 5 in Dodging
  8201 | Bailey   | HP: 2/69 [orc warrior/+0 halberd (13)]
  8220 | Bailey   | HP: 1/69 [orc warrior/+0 halberd (8)]
  9027 | D:7      | Killed Maggie
  9028 | D:7      | Reached skill level 5 in Invocations
  9345 | D:2      | Bought a scroll of revelation for 75 gold pieces
  9872 | D:7      | Found a basalt altar of Yredelemnul.
 10064 | D:7      | Found Liddewoukh's Weapon Emporium.
 10130 | D:7      | Reached skill level 5 in Short Blades
 10130 | D:7      | Reached skill level 5 in Axes
 10130 | D:7      | Reached skill level 5 in Maces & Flails
 10130 | D:7      | Reached skill level 5 in Polearms
 10130 | D:7      | Reached skill level 5 in Staves
 10130 | D:7      | Reached skill level 5 in Ranged Weapons
 10130 | D:7      | Reached skill level 5 in Throwing
 10130 | D:7      | Reached skill level 5 in Armour
 10130 | D:7      | Reached skill level 5 in Stealth
 10130 | D:7      | Reached skill level 5 in Shields
 10130 | D:7      | Reached skill level 5 in Unarmed Combat
 10130 | D:7      | Reached skill level 5 in Evocations
 10215 | D:7      | Reached XP level 10. HP: 77/77 MP: 18/18
 10276 | D:7      | HP: 3/77 [something (10)]
 10757 | D:7      | Learned a level 4 spell: Summon Lightning Spire
 10994 | D:7      | Bought a pair of embroidered boots for 142 gold pieces
 11867 | D:8      | Reached skill level 6 in Invocations
 11867 | D:8      | Reached skill level 5 in Shapeshifting
 11895 | D:8      | Found a staircase to the Lair.
 12324 | D:8      | Noticed Psyche
 12411 | D:9      | Noticed a two-headed ogre
 12424 | D:9      | Killed a two-headed ogre
 12554 | D:9      | Reached **** piety under Elyvilon
 12698 | D:9      | Identified the +6 dagger "Musavigo" {flame, rElec rC+}
 13632 | D:9      | Found a glowing silver altar of Zin.
 13633 | D:9      | Found an ancient bone altar of Kikubaaqudgha.
 13762 | D:9      | Reached skill level 5 in Conjurations
 13762 | D:9      | Reached skill level 5 in Hexes
 13762 | D:9      | Reached skill level 5 in Summonings
 13762 | D:9      | Reached skill level 5 in Necromancy
 13762 | D:9      | Reached skill level 5 in Translocations
 13762 | D:9      | Reached skill level 5 in Fire Magic
 13762 | D:9      | Reached skill level 5 in Ice Magic
 13762 | D:9      | Reached skill level 5 in Air Magic
 13762 | D:9      | Reached skill level 5 in Alchemy
 13762 | D:9      | Reached XP level 11. HP: 79/85 MP: 14/21
 13820 | D:10     | Entered Level 10 of the Dungeon
 14077 | D:10     | Reached ***** piety under Elyvilon
 14283 | D:10     | Found a burning altar of Makhleb.
 14784 | D:10     | Found a transporter.
 14790 | D:10     | Found a transporter.
 14792 | D:10     | Found a transporter.
 14814 | D:10     | Found a transporter.
 14953 | D:10     | Reached skill level 7 in Invocations
 15967 | D:11     | Noticed a cyclops
 15974 | D:11     | Killed a cyclops
 16154 | D:11     | Noticed a boulder beetle
 16258 | D:11     | Noticed a cyclops
 16272 | D:11     | Killed a cyclops
 16277 | D:11     | Noticed a cyclops
 16288 | D:11     | Killed a cyclops
 16399 | D:11     | Noticed a boulder beetle
 16555 | D:11     | Noticed an orc knight
 16618 | D:11     | Killed an orc knight
 16712 | D:11     | Found a staircase to the Orcish Mines.
 17079 | D:11     | Killed a boulder beetle
 17165 | D:11     | Killed a boulder beetle
 17166 | D:11     | Reached XP level 12. HP: 21/94 MP: 14/23
 17495 | Lair:1   | Entered Level 1 of the Lair of Beasts
 17567 | Lair:1   | Reached skill level 8 in Invocations
 17836 | Lair:1   | Reached skill level 10 in Long Blades
 18808 | Lair:2   | Reached ****** piety under Elyvilon
 19181 | Lair:2   | Found a staircase to the Snake Pit.
 19715 | Lair:2   | Reached XP level 13. HP: 99/101 MP: 20/25
 19879 | Lair:3   | Reached skill level 9 in Invocations
 20648 | Lair:3   | Found a shimmering blue altar of Sif Muna.
 20653 | Lair:3   | Noticed Snorg
 20681 | Lair:3   | Killed Snorg
 21150 | Lair:3   | Found a staircase to the Shoals.
 21800 | Lair:4   | Reached skill level 10 in Fighting
 22368 | Lair:5   | Entered Level 5 of the Lair of Beasts
 22873 | Lair:4   | Learned a level 4 spell: Iskenderun's Mystic Blast
 22956 | Lair:4   | Reached skill level 10 in Invocations
 22956 | Lair:4   | Reached XP level 14. HP: 67/110 MP: 23/27
 24220 | Lair:5   | Reached skill level 10 in Spellcasting
 24710 | Lair:5   | Reached skill level 10 in Dodging
 25060 | Lair:5   | Identified the +10 shortbow of Xopoxt {antimagic, rPois}
 25269 | Lair:5   | Found a viscous altar of Jiyva.
 25306 | Lair:5   | Reached skill level 10 in Earth Magic
 25581 | Lair:5   | Found a staircase to the Slime Pits.
 25855 | Lair:5   | Reached skill level 10 in Short Blades
 25855 | Lair:5   | Reached skill level 10 in Axes
 25855 | Lair:5   | Reached skill level 10 in Maces & Flails
 25855 | Lair:5   | Reached skill level 10 in Polearms
 25855 | Lair:5   | Reached skill level 10 in Staves
 25855 | Lair:5   | Reached skill level 10 in Ranged Weapons
 25855 | Lair:5   | Reached skill level 10 in Throwing
 25855 | Lair:5   | Reached skill level 10 in Armour
 25855 | Lair:5   | Reached skill level 10 in Stealth
 25855 | Lair:5   | Reached skill level 10 in Shields
 25855 | Lair:5   | Reached skill level 10 in Unarmed Combat
 25855 | Lair:5   | Reached skill level 10 in Evocations
 26025 | Lair:5   | Reached XP level 15. HP: 107/118 MP: 26/29
 26092 | Lair:5   | Reached skill level 11 in Invocations
 26860 | D:5      | Bought a manual of Invocations for 880 gold pieces
 26917 | D:7      | Bought a shiny helmet for 142 gold pieces
 27679 | Orc:1    | Entered Level 1 of the Orcish Mines
 27905 | Orc:1    | Found Ocwomiuru's Assorted Antiques.
 28101 | Orc:2    | Entered Level 2 of the Orcish Mines
 28843 | Orc:2    | Found a staircase to the Elven Halls.
 29591 | Orc:2    | Found Ilaorow's General Store.
 29794 | Orc:2    | Found Ykhash's General Store.
 30491 | Orc:2    | Found Josyth's Antique Weapon Shoppe.
 30491 | Orc:2    | Found Fesurac's Jewellery Emporium.
 30500 | Orc:2    | Reached skill level 12 in Invocations
 30547 | Orc:2    | Found a one-way gate leading to the halls of Pandemonium.
 30607 | Orc:2    | Learned a level 5 spell: Lee's Rapid Deconstruction
 30647 | Orc:2    | Bought the ring of Izxesug {rPois rN+ Will+ Slay+2} for 732
                  | gold pieces
 32391 | D:7      | Bought the Quarto of Allied Charms for 420 gold pieces
 32397 | D:7      | Learned a level 5 spell: Summon Mana Viper
 32456 | D:8      | Killed Psyche
 33423 | D:13     | Reached skill level 10 in Shapeshifting
 33715 | D:13     | Reached XP level 16. HP: 110/127 MP: 31/31
 34538 | D:13     | Got Cigotuvi's Catalogue of Venomous Corpses
 34637 | D:14     | Found a gate to the Vaults.
 34750 | D:14     | Found a sacrificial altar of Ru.
 34751 | D:14     | Reached skill level 13 in Invocations
 34958 | D:14     | Found an iron altar of Okawaru.
 36112 | D:15     | Entered Level 15 of the Dungeon
 36258 | D:15     | Found a portal to a secret trove of treasure.
 36273 | D:15     | Found a frozen archway.
 36508 | IceCv    | Entered an ice cave
 37091 | IceCv    | Reached skill level 14 in Invocations
 37691 | IceCv    | Reached XP level 17. HP: 123/135 MP: 27/33
 38291 | IceCv    | Identified the ring "Guph" {Ice Will+ rCorr Slay+2}
 38318 | IceCv    | Reached skill level 10 in Conjurations
 38318 | IceCv    | Reached skill level 10 in Hexes
 38318 | IceCv    | Reached skill level 10 in Summonings
 38318 | IceCv    | Reached skill level 10 in Necromancy
 38318 | IceCv    | Reached skill level 10 in Translocations
 38318 | IceCv    | Reached skill level 10 in Fire Magic
 38318 | IceCv    | Reached skill level 10 in Ice Magic
 38318 | IceCv    | Reached skill level 10 in Air Magic
 38318 | IceCv    | Reached skill level 10 in Alchemy
 39734 | D:15     | Found a radiant altar of Vehumet.
 39966 | D:15     | Found a staircase to the Depths.
 40359 | D:15     | Found a portal to a secret trove of treasure.
 40425 | D:15     | Found a staircase to the Depths.
 40577 | D:15     | Found a radiant altar of Vehumet.
 40999 | Lair:2   | Upgraded the game from 0.31-a0-1363-g282adc679d to
                  | 0.31-a0-1376-g36f0627844
 41001 | Snake:1  | Entered Level 1 of the Snake Pit
 41309 | Snake:1  | Identified the serpent talisman of Ysuwoih {rC+ Will+ MP+9}
 41309 | Snake:1  | Noticed Aizul
 41330 | Snake:1  | Killed Aizul
 42359 | Snake:2  | Found Faolyesh's Magic Scroll Boutique.
 42644 | Snake:2  | Reached skill level 15 in Invocations
 42708 | Snake:2  | Found Goemul's Jewellery Shoppe.
 42708 | Snake:2  | Found Teekawkotz's Book Shop.
 42709 | Snake:2  | Found Neimukor's Book Shop.
 42943 | Snake:2  | Found Doli's Weapon Emporium.
 43130 | Snake:2  | Found Yvahigi's Self-Published Books.
 44070 | Snake:3  | Noticed Vashnia
 45102 | Snake:3  | Identified the +6 orcbow "Otsoshro" {elec, rF- Dex+6 SInv}
 45111 | Snake:3  | Found a runed translucent gate.
 45111 | Snake:3  | Found a runed translucent gate.
 45550 | Snake:3  | Killed Vashnia
 45551 | Snake:3  | Reached XP level 18. HP: 143/143 MP: 27/34
 45627 | Snake:3  | Found a runed translucent gate.
 45673 | Snake:3  | Noticed Puohiom's ghost (adept KoEn)
 46508 | Snake:3  | Upgraded the game from 0.31-a0-1376-g36f0627844 to
                  | 0.31-a0-1395-g7c67ea8c80
 46515 | Snake:4  | Entered Level 4 of the Snake Pit
 47323 | Snake:4  | Identified the +7 dagger of Unlucut {flame, Fly rC- rN+++
                  | Int-4}
 47963 | Snake:4  | Reached skill level 16 in Invocations
 50224 | Snake:4  | Got a serpentine rune of Zot
 50472 | Snake:2  | Bought the Octavo of Thorough Poisoning for 770 gold pieces
 50477 | Snake:2  | Learned a level 4 spell: Olgreb's Toxic Radiance
 50482 | Snake:2  | Learned a level 4 spell: Ignite Poison
 50591 | Shoals:1 | Entered Level 1 of the Shoals
 50814 | Shoals:1 | Noticed Frances
 50828 | Shoals:1 | Killed Frances
 51419 | Shoals:1 | Reached XP level 19. HP: 100/151 MP: 29/36
 51983 | Shoals:2 | Identified the ring of Deamuses {rF+ Str+4 Int+6 Dex-5}
 52250 | Shoals:2 | Reached skill level 17 in Invocations
 52385 | Shoals:2 | Noticed Kirke
 52396 | Shoals:2 | Killed Kirke
 53798 | Shoals:3 | Noticed Louise
 53809 | Shoals:3 | Killed Louise
 53981 | Shoals:3 | Identified the +8 war axe of Nont {freeze, Str-3 Dex+3}
 54206 | Shoals:3 | Noticed Polyphemus
 54246 | Shoals:3 | Killed Polyphemus
 54772 | Shoals:4 | Entered Level 4 of the Shoals
 55026 | Shoals:4 | Reached skill level 15 in Long Blades
 55619 | Shoals:4 | Noticed Bai Suzhen
 55659 | Shoals:4 | Killed Bai Suzhen
 56373 | Shoals:4 | Reached skill level 18 in Invocations
 56673 | Shoals:4 | Reached XP level 20. HP: 160/160 MP: 33/38
 56754 | Shoals:4 | Got a barnacled rune of Zot
 56810 | Shoals:4 | Got the Lessons on the Mesa and Gases
 57198 | D:7      | Bought an ichor-stained broad axe for 216 gold pieces
 57198 | D:7      | Identified the +8 broad axe "Ylablup" {speed, Will+ SInv
                  | Stlth+} (You bought it in a shop on level 7 of the Dungeon)
 57571 | Elf:1    | Entered Level 1 of the Elven Halls
 57839 | Elf:1    | Noticed Jorgrun
 57865 | Elf:1    | Killed Jorgrun
 58606 | Elf:1    | Got the Vademecum on the Snake
 59633 | Elf:2    | Found Iwoskyem's Antique Armour Shop.
 59664 | Elf:2    | Found Faginn's Armour Shop.
 59667 | Elf:2    | Found Jegh's General Store.
 59687 | Elf:2    | Found a flickering gateway to a bazaar.
 59708 | Bazaar   | Entered a bazaar
 59776 | Bazaar   | Found Avuocs's Assorted Antiques.
 59792 | Bazaar   | Found Senikuna's Antique Weapon Shoppe.
 59792 | Bazaar   | Found Mucrup's Weapon Emporium.
 59906 | Bazaar   | Bought a potion of berserk rage for 165 gold pieces
 59960 | Elf:2    | Found Loynin's Book Shop.
 60742 | Elf:2    | Found a runed translucent gate.
 61031 | Elf:2    | Found a runed translucent gate.
 61033 | Elf:2    | Found a runed translucent gate.
 61281 | Elf:2    | Paralysed by an air elemental for 1 turns
 61284 | Elf:2    | Paralysed by an air elemental for 1 turns
 61495 | Elf:2    | Bought a runed scarf for 232 gold pieces
 61596 | Elf:3    | Entered Level 3 of the Elven Halls
 61722 | Elf:3    | Reached skill level 15 in Fighting
 62032 | Elf:3    | Found a transporter.
 62036 | Elf:3    | Noticed paps's ghost (adept OpDe)
 62082 | Elf:3    | Identified the ring of the Meager Breadfruit {Ice rElec
                  | rPois Will+}
 62086 | Elf:3    | Found a transporter.
 62299 | Elf:3    | Found Ritarphik's Distillery.
 62952 | Elf:3    | Found Ritarphik's Distillery.
 63125 | Elf:3    | Found a transporter.
 63398 | Elf:3    | Found a transporter.
 63977 | Abyss:3  | Cast into level 3 of the Abyss (Puohiom's ghost)
 64039 | Abyss:3  | Reached skill level 19 in Invocations
 64138 | Abyss:3  | Found a corrupted altar of Lugonu.
 64227 | Abyss:3  | HP: 3/214 [white draconian stormcaller/blast of cold (22)]
 64455 | Snake:3  | Escaped the Abyss
 64505 | Snake:3  | Killed Puohiom's ghost
 64778 | Snake:3  | Identified the +1 hat "Zoamyoro" {rPois Will+ Int+2 SInv}
 65061 | Vaults:1 | Entered Level 1 of the Vaults
 65073 | Vaults:1 | Reached XP level 21. HP: 107/168 MP: 20/39
 66492 | Vaults:1 | Noticed Zenata
 66807 | Vaults:1 | Reached skill level 15 in Spellcasting
 67074 | Vaults:1 | Reached skill level 15 in Dodging
 67179 | Vaults:1 | Killed Zenata
 67604 | Vaults:2 | Identified the death talisman "Ruost" {*Corrode rF+ rC++
                  | SInv}
 67913 | Vaults:2 | Found a staircase to the Crypt.
 68206 | Vaults:1 | Reached skill level 15 in Short Blades
 68206 | Vaults:1 | Reached skill level 15 in Axes
 68206 | Vaults:1 | Reached skill level 15 in Maces & Flails
 68206 | Vaults:1 | Reached skill level 15 in Polearms
 68206 | Vaults:1 | Reached skill level 15 in Staves
 68206 | Vaults:1 | Reached skill level 15 in Ranged Weapons
 68206 | Vaults:1 | Reached skill level 15 in Throwing
 68206 | Vaults:1 | Reached skill level 15 in Armour
 68206 | Vaults:1 | Reached skill level 15 in Stealth
 68206 | Vaults:1 | Reached skill level 15 in Shields
 68206 | Vaults:1 | Reached skill level 15 in Unarmed Combat
 68206 | Vaults:1 | Reached skill level 15 in Evocations
 68557 | Vaults:2 | Found Jucetol's Weapon Emporium.
 68670 | Vaults:2 | Noticed Donald
 68695 | Vaults:2 | Killed Donald
 69257 | Vaults:3 | Paralysed by a formless jellyfish for 1 turns
 69274 | Vaults:3 | Reached skill level 20 in Invocations
 70917 | Vaults:3 | Reached XP level 22. HP: 149/177 MP: 41/41
 71591 | Vaults:3 | Upgraded the game from 0.31-a0-1395-g7c67ea8c80 to
                  | 0.31-a0-1412-g7b7c7d10e1
 73385 | Vaults:4 | Noticed Mennas
 74379 | Vaults:4 | Killed Mennas
 74380 | Vaults:4 | Reached skill level 21 in Invocations
 75418 | Snake:2  | Bought Great Wizards, Vol. VII for 480 gold pieces
 75424 | Snake:2  | Learned a level 5 spell: Yara's Violent Unravelling
 75429 | Snake:2  | Learned a level 4 spell: Passage of Golubria
 75432 | Snake:2  | Learned a level 2 spell: Passwall
 76829 | Elf:3    | Identified the +4 mace of Deflation {spect, rElec rF+}
 76876 | Elf:3    | Identified the +4 hand axe of Regicide {freeze, rPois
                  | Will+}
 77039 | Elf:3    | Identified the ring of Amoz {Fly Will+ EV+5 Stlth+}
 77045 | Elf:3    | Identified the amulet of the Serpent {Spirit Rampage rF+}
 77059 | Elf:3    | Identified the +8 long sword of the Briny Deep {freeze,
                  | Dex+3}
 77400 | Elf:3    | Found the +3 greatsling "Punk" {acid, rCorr}
 77681 | Elf:3    | Got the Tome of Fetching Spelunking
 77689 | Elf:3    | Identified the staff of Bodily Humours {*Slow rCorr Stlth+
                  | Conj Summ}
 77698 | Elf:3    | Identified the +1 pair of gloves of Verdant the Leaf {rN++
                  | Dex+2}
 77743 | Elf:3    | Identified the +1 hand axe of Bodily Harmony {freeze, rN+}
 77909 | Elf:3    | Killed paps's ghost
 78287 | Elf:3    | Found Ritarphik's Distillery.
 78480 | Elf:3    | Found a transporter.
 78484 | Elf:3    | Found a transporter.
 79211 | Crypt:1  | Entered Level 1 of the Crypt
 79388 | Crypt:1  | Reached XP level 23. HP: 173/185 MP: 40/43
 79392 | Crypt:1  | Noticed Xtahua
 79411 | Crypt:1  | Killed Xtahua
 82201 | Crypt:2  | Found a runed translucent gate.
 82201 | Crypt:2  | Found a runed translucent gate.
 82202 | Crypt:2  | Found a runed translucent gate.
 82202 | Crypt:2  | Found an ancient bone altar of Kikubaaqudgha.
 82202 | Crypt:2  | Noticed a dread lich
 82202 | Crypt:2  | Noticed a dread lich
 82204 | Crypt:2  | Noticed Nuciocask's ghost (veteran MiBe)
 82204 | Crypt:2  | Noticed a dread lich
 82487 | Crypt:2  | Reached skill level 15 in Shapeshifting
 82805 | Crypt:3  | Entered Level 3 of the Crypt
 83257 | Crypt:3  | Reached skill level 22 in Invocations
 83265 | Crypt:3  | Was placed under penance by Elyvilon
 84712 | Temple   | Fell from the grace of Elyvilon
 84712 | Temple   | Became a worshipper of the Shining One
 84712 | Temple   | Reached * piety under the Shining One
 84712 | Temple   | Reached ** piety under the Shining One
 84712 | Temple   | Reached *** piety under the Shining One
 85223 | Crypt:3  | Reached **** piety under the Shining One
 85434 | Crypt:3  | Reached skill level 15 in Earth Magic
 85847 | Crypt:3  | Reached ***** piety under the Shining One
 85966 | Crypt:3  | Found a staircase to the Tomb.
 86093 | Crypt:3  | Noticed a curse toe
 86113 | Crypt:3  | Killed a curse toe
 86143 | Crypt:3  | Found an ancient bone altar of Kikubaaqudgha.
 86148 | Crypt:3  | Found a basalt altar of Yredelemnul.
 86316 | Crypt:3  | Identified the ring of Ephemeral Luck {rPois rC+ AC+4}
 86366 | Crypt:3  | Identified the ring "Emogg" {rN+ Int+2}
 86366 | Crypt:3  | Identified the ring of Daffodils {rC- rN+ Dex+8}
 86897 | Elf:2    | Reached XP level 24. HP: 193/195 MP: 43/43
 86971 | Elf:2    | HP: 6/195 [metal wall collision (8)]
 86972 | Elf:2    | HP: 2/195 [deep elf zephyrmancer/bolt of lightning (19)]
 86972 | Elf:2    | Slain by a deep elf knight

Illustrated notes

Levels and vault maps discovered:
D:1:      ebering_trefoil_twist, layout_rooms
D:2:      layout_basic, serial_shops, shop, uniq_sigmund, uniq_terence,
          uniq_natasha
D:3:      layout_basic, cheibrodos_gnoll_hut
D:4:      layout_basic, temple_pool_b, kennysheep_donut
D:5:      layout_basic, nicolae_gozag_seed_capital, gup_sewer_entry_bowl,
          nicolae_shop_vocational
D:6:      layout_basic, led_sif_book
D:7:      layout_loops_ring, ashenzari_conservatory_becter,
          lemuel_mausoleum_altar_yredelemnul, enter_bailey_3, serial_shops,
          shop, shop, shop, nicolae_shop_just_a_little_nook,
          nicolae_shop_statue_plus, nicolae_eternal_life, uniq_maggie
D:8:      layout_basic, hellmonk_lair_entry_icy, uniq_psyche
D:9:      layout_long_grid, amethyst_overflow_temple_binary,
          kennysheep_nondescript, minmay_misc_feat_doors
D:10:     layout_irregular_city, lemuel_coloured_pillars_altar,
          nicolae_transporter_circle
D:11:     layout_long_grid, david_orc_5, special_room [special_room_orc],
          nrook_uturn, grunt_ministairs_1
D:12:     layout_loops_ring
D:13:     regret_index_all_hallows'_manor, layout_rooms
D:14:     layout_basic, david_vaults_1, okawaru_ov_weapons_minmay,
          minmay_misc_feat_columns, nicolae_ru_sacrificial_ziggurat
D:15:     hangedman_depths_entry_civil_slaughter, layout_rooms,
          portal_ice_cave_entry_ugly_swarm, nicolae_trove_entry_crossroad,
          vehumet_crystals, serial_co_window_serial, co_window_of_opportunity_a,
          co_window_corner_a, co_window_corner_a, co_window_paths_b,
          co_window_corner_a, co_window_paths_c, co_window_2corner,
          co_window_broadway_b, co_window_paths_c, co_window_paths_d,
          glass_columns_a, glass_columns_a, glass_columns_b, glass_columns_a,
          chequers_decorated_corner
Temple:   eino_wide_crystal_templ
Lair:1:   layout_loops_ring, lemuel_fruit_fields
Lair:2:   layout_long_grid, guppyfry_snake_entry_island, eino_house_with_fridge
Lair:3:   layout_hall_layers, minmay_shoals_entry_lonely_mermaid, basic_altar,
          grunt_megastairs_5, uniq_snorg
Lair:4:   layout_roguey
Lair:5:   hangedman_lair_in_review, layout_hall_layers,
          hangedman_lair_caniforms_friends, dpeg_slime_entry_corner,
          kennysheep_rathole
Shoals:1: layout_shoals, uniq_frances
Shoals:2: layout_shoals, uniq_kirke
Shoals:3: layout_shoals, uniq_polyphemus, uniq_louise
Shoals:4: shoals_end_hellmonk_lost_city, uniq_bai_suzhen
Snake:1:  layout_rooms, uniq_aizul
Snake:2:  layout_concentric_octagons, serial_shops, shop, nicolae_diamond_shop,
          nicolae_custom_books, minmay_shop_grove
Snake:3:  layout_rooms, gammafunk_ghost_split, grunt_ministairs_2, st_stairs_13,
          uniq_vashnia
Snake:4:  grunt_snake_rune_spirals, layout_onion_interference,
          serial_bayou_crossing
Orc:1:    layout_diamond_mine, serial_shops, shop
Orc:2:    pf_orc_diabolical, layout_diamond_mine, basic_altar, mines4_lemuel
Elf:1:    eino_elf_arrival_customs, layout_gridlike,
          nicolae_elf_blasts_and_bolts, nicolae_elf_shapeshifter_party,
          uniq_jorgrun
Elf:2:    nicolae_elf_blades_splatter_lattice
          [nicolae_blade_entry_floor_patterns], layout_gridlike, serial_shops,
          bzr_entry_islet, shop_statue, nicolae_shop_dealshenge, shop,
          nicolae_book_shop_shelving
Elf:3:    grunt_elf_hall_asides, layout_onion_city, gammafunk_ghost_arena,
          serial_shops, nicolae_shop_just_a_little_nook
Vaults:1: v_misc_9, v_alt_pattern_5, vaults_mumra_hex, v_alt_pattern_4,
          nicolae_vaults_sesquioval_fish, nicolae_vaults_two_Ls,
          layout_vaults_omnigrid, uniq_zenata
Vaults:2: v_misc_26, minmay_crypt_entry_simple_box, vaults_mumra_hexcomb,
          v_misc_3, v_pattern_4, nicolae_vaults_stairing_the_circle,
          vaults_room_large_hall, vaults_room_hallway, nicolae_vaults_cochlea,
          nicolae_vaults_closet_pinwheel_5, layout_vaults_omnibox, serial_shops,
          shop, uniq_donald
Vaults:3: nicolae_vaults_heart-shaped_vault,
          nicolae_vaults_door_testing_chamber, nicolae_vaults_apartment_2,
          nicolae_vaults_closet_pinwheel_1, v_pattern_5, v_rooms_3,
          dpeg_vaults_monster_box, ontoclasm_vaults_pinch,
          grunt_vaults_diagonal, ontoclasm_vaults_ring_small, v_misc_14,
          layout_vaults_big_room
Vaults:4: nicolae_vaults_heart-shaped_vault, ontoclasm_vaults_ligature,
          nicolae_vaults_ellipses_ellipsis, nicolae_vaults_closet_pinwheel_5,
          ontoclasm_vaults_twist, nicolae_vaults_border_crossing,
          v_alt_pattern_2, nicolae_vaults_mini_display_case,
          nicolae_vaults_minivaults, ontoclasm_vaults_tryst,
          layout_vaults_maze_snakey, uniq_mennas
Crypt:1:  layout_gridlike, uniq_xtahua
Crypt:2:  layout_gridlike, gammafunk_ghost_crypt
Crypt:3:  lightli_unholy_cathedral, layout_chaotic_city,
          tomb_entry_shell_bobbens

Skill      XL: |  1  2  3  4  5  6  7  8  9 10 11 12 13 14 15 16 17 18 19 20 21 22 23 |
---------------+----------------------------------------------------------------------+-----
Invocations    | 1 2 3 4 5 6 7 8 10 12 14 15 16 18 19 20 21 22 | 22.5
Short Blades   | 1 2 3 5 6 7 8 9 10 11 12 13 14 15 16 | 16.6
Axes           | 1 2 3 5 6 7 8 9 10 11 12 13 14 15 16 | 16.6
Maces & Flails | 1 2 3 5 6 7 8 9 10 11 12 13 14 15 16 | 16.6
Polearms       | 1 2 3 5 6 7 8 9 10 11 12 13 14 15 16 | 16.6
Staves         | 1 2 3 5 6 7 8 9 10 11 12 13 14 15 16 | 16.6
Ranged Weapons | 1 2 3 5 6 7 8 9 10 11 12 13 14 15 16 | 16.6
Throwing       | 1 2 3 5 6 7 8 9 10 11 12 13 14 15 16 | 16.6
Armour         | 1 2 3 5 6 7 8 9 10 11 12 13 14 15 16 | 16.6
Stealth        | 1 2 3 5 6 7 8 9 10 11 12 13 14 15 16 | 16.6
Shields        | 1 2 3 5 6 7 8 9 10 11 12 13 14 15 16 | 16.6
Unarmed Combat | 1 2 3 5 6 7 8 9 10 11 12 13 14 15 16 | 16.6
Evocations     | 1 2 3 5 6 7 8 9 10 11 12 13 14 15 16 | 16.6
Shapeshifting  | 1 2 3 4 5 6 7 8 9 10 11 12 13 14 15 | 15.3
Spellcasting   | 3 4 5 6 7 8 9 10 11 12 13 14 15 16 | 16.8
Conjurations   | 1 2 3 4 5 6 7 8 9 10 11 12 13 14 | 14.1
Hexes          | 1 2 3 4 5 6 7 8 9 10 11 12 13 14 | 14.1
Summonings     | 1 2 3 4 5 6 7 8 9 10 11 12 13 14 | 14.1
Necromancy     | 1 2 3 4 5 6 7 8 9 10 11 12 13 14 | 14.1
Translocations | 1 2 3 4 5 6 7 8 9 10 11 12 13 14 | 14.1
Fire Magic     | 1 2 3 4 5 6 7 8 9 10 11 12 13 14 | 14.1
Ice Magic      | 1 2 3 4 5 6 7 8 9 10 11 12 13 14 | 14.1
Air Magic      | 1 2 3 4 5 6 7 8 9 10 11 12 13 14 | 14.1
Alchemy        | 1 2 3 4 5 6 7 8 9 10 11 12 13 14 | 14.1
Dodging        | 3 4 5 6 7 8 9 10 11 12 13 14 15 16 | 16.8
Fighting       | 5 6 7 8 9 10 11 12 13 14 15 16 17 | 17.2
Long Blades    | 7 8 9 10 11 12 13 14 15 16 17 | 17.7
Earth Magic    | 6 7 8 9 10 11 12 13 14 15 | 15.1

Action                     |  1- 3 |  4- 6 |  7- 9 | 10-12 | 13-15 | 16-18 | 19-21 | 22-24 || total
---------------------------+-------+-------+-------+-------+-------+-------+-------+-------++-------
  Melee: Falchion          |    62 |   178 |   573 |   710 |  1174 |   908 |    78 |       ||  3683
         Bite              |     2 |    19 |    70 |   100 |   194 |   188 |   225 |   282 ||  1080
         Punch             |       |     8 |    22 |    27 |    86 |    63 |       |       ||   206
         Dire flail        |       |       |       |       |     5 |       |       |       ||     5
         Dagger            |       |       |       |       |       |   210 |       |       ||   210
         War axe           |       |       |       |       |       |       |   208 |       ||   208
         Broad axe         |       |       |       |       |       |       |   978 |  1449 ||  2427
         Scimitar          |       |       |       |       |       |       |    17 |       ||    17
         Sacred scourge    |       |       |       |       |       |       |       |    32 ||    32
   Fire: Orcbow            |       |       |     6 |       |       |       |       |       ||     6
   Cast: Sandblast         |     2 |    13 |     5 |       |       |       |       |       ||    20
         Summon Small Mamm |       |     2 |       |       |       |       |       |       ||     2
         Call Canine Famil |       |       |     1 |     8 |     5 |       |       |       ||    14
         Mephitic Cloud    |       |       |     1 |     2 |       |     2 |       |     1 ||     6
         Summon Lightning  |       |       |       |    67 |   173 |   227 |   133 |   109 ||   709
         Stone Arrow       |       |       |       |       |     1 |       |       |       ||     1
         Blink             |       |       |       |       |     1 |       |     1 |     2 ||     4
         Summon Mana Viper |       |       |       |       |     1 |    31 |    12 |    55 ||    99
         Lee's Rapid Decon |       |       |       |       |       |     1 |       |       ||     1
         Olgreb's Toxic Ra |       |       |       |       |       |     7 |    55 |     4 ||    66
         Ignite Poison     |       |       |       |       |       |     6 |    46 |     4 ||    56
         Passwall          |       |       |       |       |       |       |       |     4 ||     4
         Yara's Violent Un |       |       |       |       |       |       |       |     8 ||     8
 Invoke: Heal Self         |       |       |     4 |     2 |     1 |     5 |    12 |     3 ||    27
         Purification      |       |       |       |     2 |       |       |       |     1 ||     3
         Divine Vigour     |       |       |       |       |       |       |     1 |     2 ||     3
         Cleansing Flame   |       |       |       |       |       |       |       |     2 ||     2
  Evoke: Lightning rod     |       |       |     1 |       |       |       |       |       ||     1
         Wand              |       |       |       |       |       |     1 |       |       ||     1
    Use: Scroll            |       |    12 |    10 |     6 |     5 |     3 |     4 |     2 ||    42
         Potion            |       |       |     4 |     2 |       |       |     5 |     6 ||    17
   Stab: Sleeping          |       |     4 |     9 |     7 |    10 |     8 |    42 |    13 ||    93
         Confused          |       |       |     2 |     1 |       |     2 |     1 |       ||     6
         Distracted        |       |       |       |    13 |    38 |    33 |    33 |    26 ||   143
         Invisible         |       |       |       |       |       |       |     5 |       ||     5
 Armour: Leather armour    |    41 |   100 |       |       |       |       |       |       ||   141
         Robe              |       |    15 |   269 |       |       |       |       |       ||   284
         Steam dragon scal |       |       |    68 |   398 |       |       |       |       ||   466
         Quicksilver drago |       |       |       |    71 |   850 |   753 |   215 |       ||  1889
         Pearl dragon scal |       |       |       |       |       |       |   493 |   857 ||  1350
         Scale mail        |       |       |       |       |       |       |    31 |       ||    31
  Dodge: Dodged            |    39 |    96 |   381 |   544 |   884 |   646 |   462 |   440 ||  3492
  Block: Kite shield       |       |       |       |       |       |   470 |   843 |  1002 ||  2315

Table legend: (Time is in decaauts)
 A = Elapsed time spent in this place.
 B = Non-inter-level travel time spent in this place.
 C = Inter-level travel time spent in this place.
 D = Time resting spent in this place.
 E = Time spent auto-exploring this place.
 F = Levels seen in this place.
 G = Mean time per level.
                   A        B        C        D        E       F      G
               +--------+--------+--------+--------+--------+-----+--------+
         Total |  85654 |  76696 |   8958 |  23309 |  25466 |  46 | 1862.0 |
       Dungeon |  25473 |  21768 |   3705 |   4631 |   9305 |  15 | 1698.2 |
        Temple |     54 |      6 |     48 |      0 |      0 |   1 |   54.0 |
          Lair |  10281 |   8883 |   1398 |   2723 |   3011 |   5 | 2056.2 |
        Shoals |   6359 |   6109 |    250 |   2226 |   1402 |   4 | 1589.8 |
     Snake Pit |   9979 |   9174 |    805 |   3430 |   2102 |   4 | 2494.8 |
  Orcish Mines |   3265 |   2822 |    443 |    475 |    990 |   2 | 1632.5 |
   Elven Halls |   9217 |   8453 |    764 |   2108 |   3268 |   3 | 3072.3 |
        Vaults |  10081 |   9087 |    994 |   3228 |   3357 |   4 | 2520.2 |
         Crypt |   6376 |   5830 |    546 |   2415 |   1112 |   3 | 2125.3 |
         Abyss |    440 |    440 |      0 |    237 |      0 |   1 |  440.0 |
        Bazaar |    226 |    226 |      0 |      0 |    113 |   1 |  226.0 |
         Sewer |    562 |    562 |      0 |    168 |    180 |   1 |  562.0 |
        Bailey |   1090 |   1090 |      0 |    529 |    271 |   1 | 1090.0 |
      Ice Cave |   2244 |   2244 |      0 |   1138 |    355 |   1 | 2244.0 |
               +--------+--------+--------+--------+--------+-----+--------+

Top non-repeatable levels by time:
   Elf:3: 4984 daAuts
 Snake:4: 3452 daAuts
  Lair:5: 3390 daAuts
 Snake:2: 2878 daAuts
Vaults:3: 2808 daAuts
Vaults:1: 2642 daAuts
Vaults:2: 2579 daAuts
   Orc:2: 2533 daAuts
    D:11: 2425 daAuts
   Elf:1: 2421 daAuts
 Snake:3: 2391 daAuts
 Crypt:1: 2362 daAuts
 Crypt:2: 2277 daAuts
    D:15: 2262 daAuts
   IceCv: 2244 daAuts
